Map: Berlingrad LE

Players

A.I. 1 (Very Easy) - Winner!

  • Race: Terran Terran

TheCowboy

  • Race: Protoss Protoss
  • League: Grandmaster

VOD

Have the link to the VOD?

Description

Time

  • Played on: Dec. 4, 2021, 12:01 p.m.
  • Length: 4:18
Show
View Real Time Build Order
Export as new Build Order

A.I. 1 (Very Easy) Terran - Winner!

Build Orders:  

Get SALT Encoding   

  12  0:00  SCV  
  13  0:13  SCV  
  14  0:18  Supply Depot  
  14  0:37  Refinery  
  14  0:42  Barracks  
  14  1:04  Supply Depot  
  14  1:11  Refinery  
  14  1:29  SCV  
  14  1:30  Marine  
  16  1:41  SCV  
  17  1:53  SCV  
  18  2:06  SCV  
  18  2:07  Marine  
  20  2:18  SCV  
  21  2:30  SCV  
  22  2:42  Orbital Command  
  22  2:44  Marine  
Show
View Real Time Build Order
Export as new Build Order

TheCowboy Protoss 

Build Orders: 1 Gate Expand 

Get SALT Encoding   

  12  0:00  Probe  
  13  0:12  Probe  
  14  0:20  Pylon  
  14  0:24  Probe  
  15  0:38  Probe (Chrono Boost)  
  15  0:39  Gateway  
  16  0:48  Probe (Chrono Boost)  
  17  0:53  Probe (Chrono Boost)  
  18  1:13  Nexus  
  18  1:20  Pylon  
  19  1:28  Zealot  
  19  1:31  Assimilator  
  20  1:39  Cybernetics Core  
  20  1:43  Probe  
  21  1:55  Probe, Zealot (Chrono Boost)  
  24  2:04  Pylon  
  24  2:07  Probe  
  25  2:15  Stalker (Chrono Boost)  
  25  2:19  Probe  
  28  2:23  Shield Battery  
  28  2:28  Shield Battery  
  29  2:36  Stalker (Chrono Boost)  
  30  2:40  Shield Battery  
  31  2:51  Forge  
  31  2:57  Stalker (Chrono Boost)  
  32  2:59  Probe  
  34  3:07  Shield Battery  
  34  3:10  Pylon  
  33  3:13  Probe  
  35  3:20  Stalker (Chrono Boost)  
  36  3:29  Photon Cannon  
  36  3:39  Probe  
  37  3:42  Stalker (Chrono Boost)  
  37  3:45  Photon Cannon  
  39  3:51  Pylon  
  39  3:53  Probe  
  40  4:04  Probe  
  40  4:06  Robotics Facility  
  42  4:14  Shield Battery  
Tags
 
Add a new tag
Caveats
  • Supply blocks, unpowered buildings, or Contaminate may cause inaccurate times.
  • Supply counts are checked every 10 seconds.